Map: Para Site LE

Players

Daydreamer

  • Race: Protoss Protoss
  • Spawn Location: 5:00

cloudy - Winner!

  • Race: Protoss Protoss
  • Spawn Location: 11:00

Event: WCS Montreal 2018

VOD

Have the link to the VOD?

Description

Time

  • Played on: Sept. 7, 2018, 12:26 p.m.
  • Length: 5:19

All games in this series

Show
View Real Time Build Order
Export as new Build Order

Daydreamer Protoss 

Build Orders:  

Get SALT Encoding   

  12  0:00  Probe  
  13  0:12  Probe  
  14  0:25  Probe  
  15  0:38  Pylon  
  15  0:56  Gateway x2  
  15  1:00  Probe  
  15  1:01  Forge  
  16  1:25  Pylon  
  16  1:30  Pylon  
  16  1:36  Zealot  
  16  1:38  Zealot  
  20  1:47  Photon Cannon  
  20  1:49  Photon Cannon  
  20  1:54  Pylon  
  20  2:00  Pylon  
  19  2:02  Zealot  
  19  2:07  Pylon  
  21  2:10  Probe  
  22  2:27  Photon Cannon  
  22  2:30  Photon Cannon  
  21  2:38  Zealot  
  19  2:51  Zealot  
  19  3:05  Zealot  
  21  3:14  Zealot  
  21  3:23  Probe  
  21  3:32  Assimilator  
  21  3:33  Zealot  
  23  3:35  Probe  
  24  3:47  Probe  
  23  4:00  Zealot x2  
  25  4:08  Photon Cannon  
  23  4:11  Probe  
  22  4:25  Cybernetics Core  
  22  4:32  Photon Cannon  
  22  4:34  Pylon  
  22  4:40  Probe  
  22  4:43  Assimilator  
  21  4:52  Photon Cannon  
  21  4:56  Photon Cannon  
  19  5:02  Probe  
  19  5:13  Pylon  
Show
View Real Time Build Order
Export as new Build Order

cloudy Protoss - Winner!

Build Orders:  

Get SALT Encoding   

  12  0:01  Probe  
  13  0:13  Probe  
  14  0:17  Pylon  
  14  0:25  Probe  
  15  0:34  Probe  
  15  0:36  Gateway  
  15  0:42  Probe  
  17  0:52  Probe  
  17  0:53  Assimilator  
  18  0:59  Assimilator  
  18  1:04  Probe  
  19  1:10  Gateway  
  20  1:19  Zealot  
  20  1:25  Cybernetics Core  
  21  1:42  Pylon  
  18  2:01  Stalker  
  25  2:31  Stalker  
  27  2:40  Pylon  
  25  2:57  Pylon  
  25  3:02  Shield Battery  
  27  3:09  Stalker  
  27  3:16  Shield Battery  
  27  3:23  Warp Gate  
  27  3:24  Probe  
  28  3:36  Probe  
  28  3:39  Robotics Facility  
  28  3:40  Stalker  
  31  3:52  Shield Battery  
  31  4:16  Stalker  
  27  4:23  Immortal  
  31  4:52  Gateway  
  31  4:55  Gateway  
  31  5:10  Pylon  
  31  5:14  Pylon  
Tags
 
Matchup
PvP
Player
Cloudy
Spawn Locations
Cross Positions
Add a new tag
Caveats
  • Supply blocks, unpowered buildings, or Contaminate may cause inaccurate times.
  • Supply counts are checked every 10 seconds.